 Dungeon Sprint DCSS version 0.17-a0-2024-gc284f19 (webtiles) character file.

4964 Ordine the Ninja (level 10, -9/44 HPs)
             Began as a Spriggan Enchanter on Oct 9, 2015.
             Was a Priest of Kikubaaqudgha.
             Mangled by Agnes
             ... wielding a +0 lajatang of speed
              (26 damage)
             ... in the Dungeon (Sprint IV: "Fedhas' Mad Dash").
             The game lasted 00:17:40 (1526 turns).

Ordine the Ninja (Spriggan Enchanter)               Turns: 1526, Time: 00:17:40

Health: -9/44      AC:  3    Str:  8    XL:     10   Next: 28%
Magic:  18/24      EV: 18    Int: 25    God:    Kikubaaqudgha [***...]
Gold:   77         SH:  0    Dex: 17    Spells: 6 memorised, 7 levels left

rFire  . . .     SeeInvis +     a - +1 dagger
rCold  . . .     Clarity  .     b - +1 robe
rNeg   . . .     SustAt   .     (shield restricted)
rPois  .         Gourm    .     (helmet restricted)
rElec  .         Spirit   .     (no cloak)
rCorr  +         Warding  .     (gloves unavailable)
rMut   .         NoTele   +     (boots unavailable)
MR     +....                    n - amulet of resist corrosion
Stlth  ++++++++++               o - ring "Umugaici" {Str+4 Int+5 Stlth+}
                                r - ring of see invisible (curse)

@: very quick, somewhat resistant to hostile enchantments, uncannily stealthy
A: unfitting armour, see invisible, herbivore 3, speed 3, slow metabolism 2
a: Receive Corpses, Renounce Religion


You were in the Dungeon.
You worshipped Kikubaaqudgha.
Kikubaaqudgha was most pleased with you.
You were not hungry.

You visited 1 branch You collected 215 gold pieces.
You spent 138 gold pieces at shops.

Inventory:

Hand Weapons
 a - a +1 dagger (weapon)
Armour
 b - a +1 robe (worn)
Jewellery
 k - an uncursed ring of invisibility
 l - an uncursed ring of sustain attributes
 n - an amulet of resist corrosion (around neck)
 o - the ring "Umugaici" (right hand) {Str+4 Int+5 Stlth+}
   (You bought it in a shop in the Dungeon)

   [ring of stealth]

   It affects your strength (+4).
   It affects your intelligence (+5).
   It makes you more stealthy.
 r - a cursed ring of see invisible (left hand)
 s - a +4 ring of intelligence
Scrolls
 j - a scroll of blinking
 p - a scroll of amnesia
Potions
 e - 2 potions of curing
 g - a potion of haste
 h - a potion of magic
 i - a potion of berserk rage
Books
 c - a book of Maledictions

   Spells                             Type                      Level
   a - Corona                         Hexes                        1
   b - Ensorcelled Hibernation        Hexes/Ice                    2
   c - Confuse                        Hexes                        3
   d - Tukima's Dance                 Hexes                        3
   e - Dazzling Spray                 Conjuration/Hexes            3
 f - Kikubaaqudgha's Almanac of Evil
   (Kikubaaqudgha gifted it to you in the Dungeon)

   Spells                             Type                      Level
   a - Animate Skeleton               Necromancy                   1
   b - Corpse Rot                     Necromancy                   2
   c - Sublimation of Blood           Necromancy                   2
   d - Regeneration                   Charms/Necromancy            3
   e - Control Undead                 Necromancy                   4
 t - Kikubaaqudgha's Guide on Darkness
   (Kikubaaqudgha gifted it to you in the Dungeon)

   Spells                             Type                      Level
   a - Excruciating Wounds            Charms/Necromancy            5
   b - Bolt of Draining               Conjuration/Necromancy       5
   c - Cigotuvi's Embrace             Necromancy                   5
   d - Dispel Undead                  Necromancy                   5
   e - Simulacrum                     Ice/Necromancy               6
 u - a book of Enchantments

   Spells                             Type                      Level
   a - Cause Fear                     Hexes                        4
   b - Silence                        Hexes/Air                    5
   c - Deflect Missiles               Charms/Air                   6
   d - Haste                          Charms                       6
   e - Discord                        Hexes                        8
Comestibles
 d - a bread ration
 m - 3 royal jellies


   Skills:
 - Level 10.3 Short Blades
 - Level 3.0 Dodging
 O Level 27 Stealth
 - Level 9.5 Spellcasting
 + Level 8.4 Hexes


You had 7 spell levels left.
You knew the following spells:

 Your Spells              Type           Power        Failure   Level  Hunger
a - Corona                Hex            ######.      1%          1    None
b - Ensorcelled Hibernat  Hex/Ice        ####..       1%          2    None
c - Confuse               Hex            ######..     1%          3    None
d - Regeneration          Chrm/Necr      ##........   17%         3    None
e - Deflect Missiles      Chrm/Air       ##........   100%        6    ######.
f - Haste                 Chrm           ##......     100%        6    ######.


Dungeon Overview and Level Annotations

Branches:
Dungeon (1/1)

Altars:
Cheibriados
Dithmenos
Elyvilon
Gozag
Kikubaaqudgha
Makhleb
Nemelex Xobeh
Okawaru
Qazlal
Ru
Sif Muna
Trog
Vehumet
Xom
Yredelemnul
Zin
The Shining One
Beogh
Jiyva
Lugonu

Shops:
D *:(}=

Annotations:
D Agnes


Innate Abilities, Weirdness & Mutations

You are tiny and cannot use many weapons and most armour.
You have supernaturally acute eyesight.
You are a herbivore.
You cover ground extremely quickly.
You need consume almost no food.


Message History

Unknown command.
Casting: Confuse
Confirm with . or Enter, or press ? or * to list all spells.
Aiming: Confuse
Press: ? - help, Shift-Dir - straight line, f - Agnes
Aim: Agnes, wielding a lajatang of speed and wearing an embroidered robe (chance to defeat MR: 11%) Agnes resists with almost no effort.
Agnes hits you with a lajatang of speed!!
Agnes hits you with a lajatang of speed!
Casting: Confuse
Confirm with . or Enter, or press ? or * to list all spells.
Aiming: Confuse
Press: ? - help, Shift-Dir - straight line, f/p - Agnes
Aim: Agnes, wielding a lajatang of speed and wearing an embroidered robe (chance to defeat MR: 11%) Agnes resists with almost no effort.
Agnes mutters, "I never trained for this."
Agnes hits you with a lajatang of speed!!
Ouch! That really hurt!
You die...
Kikubaaqudgha rasps: "You have failed me!
Welcome... death!"

.#.⌠...._....⌠.#############
.###################......#
##♣♣♣♣♣..♣)###.'..'......(+
'......♣..♣##..#.|#.P.....#
#♣..♣♣♣.♣).###.##'##.P....#
#.♣♣..♣...♣'...#♣.♣########
################.....# #
###..♣..♣....#
#.).♣@i....♣..
..........♣.....∩.
...################ #


You could see Agnes.

Vanquished Creatures
  A spriggan berserker (D)
  A spriggan druid (D)
  6 oklob plants (D)
  3 burning bushes (D)
  3 wandering mushrooms (D)
  A queen bee (D)
  4 killer bees (D)
  2 scorpions (D)
  5 oklob saplings (D)
  A worker ant (D)
  2 spriggans (D)
  A river rat (D)
  A rat (D)
  2 ballistomycetes (D)
33 creatures vanquished.

Vanquished Creatures (others)
  A giant spore (D)
1 creature vanquished.

Grand Total: 34 creatures vanquished

Notes
Turn   | Place    | Note
--------------------------------------------------------------
     0 | D        | Ordine the Spriggan Enchanter began the quest for the Orb.
     0 | D        | Reached XP level 1. HP: 9/9 MP: 5/5
     9 | D        | Reached XP level 2. HP: 13/13 MP: 6/6
    22 | D        | Learned a level 2 spell: Ensorcelled Hibernation
    23 | D        | Noticed an oklob sapling
    25 | D        | Killed an oklob sapling
    25 | D        | Reached skill level 5 in Short Blades
    25 | D        | Reached skill level 7 in Stealth
    25 | D        | Reached XP level 3. HP: 14/16 MP: 8/8
    30 | D        | Learned a level 3 spell: Confuse
    32 | D        | Noticed a worker ant
    34 | D        | Killed a worker ant
    34 | D        | Reached skill level 9 in Stealth
    52 | D        | Noticed an oklob sapling
    55 | D        | Killed an oklob sapling
    55 | D        | Reached skill level 10 in Stealth
    55 | D        | Reached XP level 4. HP: 19/21 MP: 9/11
    72 | D        | Found a snail-covered altar of Cheibriados.
    72 | D        | Found a glowing silver altar of Zin.
    72 | D        | Found a white marble altar of Elyvilon.
    72 | D        | Found a viscous altar of Jiyva.
    72 | D        | Found a radiant altar of Vehumet.
    72 | D        | Found a deep blue altar of Sif Muna.
    72 | D        | Found an ancient bone altar of Kikubaaqudgha.
    72 | D        | Found a bloodstained altar of Trog.
    72 | D        | Found a corrupted altar of Lugonu.
    72 | D        | Noticed an oklob sapling priest
    73 | D        | Found a burning altar of Makhleb.
    73 | D        | Found a sacrificial altar of Ru.
    74 | D        | Found a glowing golden altar of the Shining One.
    74 | D        | Found a sparkling altar of Nemelex Xobeh.
    75 | D        | Found a shadowy altar of Dithmenos.
    76 | D        | Found an iron altar of Okawaru.
    76 | D        | Found a shimmering altar of Xom.
    77 | D        | Found an opulent altar of Gozag.
    78 | D        | Found a basalt altar of Yredelemnul.
    78 | D        | Found a roughly hewn altar of Beogh.
    79 | D        | Killed an oklob sapling priest
    79 | D        | Reached XP level 5. HP: 22/24 MP: 11/16
    80 | D        | Found a stormy altar of Qazlal.
    89 | D        | Became a worshipper of Kikubaaqudgha
   104 | D        | Noticed an oklob sapling wizard
   107 | D        | Killed an oklob sapling wizard
   117 | D        | Noticed a scorpion
   136 | D        | Killed a scorpion
   144 | D        | Acquired Kikubaaqudgha's first power
   144 | D        | Received a gift from Kikubaaqudgha
   147 | D        | Identified Kikubaaqudgha's Almanac of Evil (Kikubaaqudgha gifted it to you in the Dungeon)
   152 | D        | Learned a level 3 spell: Regeneration
   173 | D        | Found Jeyjihe's Book Shop.
   173 | D        | Found Muahaph's Assorted Antiques.
   180 | D        | Noticed a burning bush
   180 | D        | Noticed a wandering mushroom
   232 | D        | Noticed a queen bee
   232 | D        | Noticed a killer bee
   233 | D        | Noticed a killer bee
   235 | D        | Noticed a killer bee
   235 | D        | Noticed a killer bee
   246 | D        | Killed a killer bee
   246 | D        | Reached skill level 11 in Stealth
   246 | D        | Reached XP level 6. HP: 25/28 MP: 15/19
   249 | D        | Killed a killer bee
   249 | D        | Reached skill level 13 in Stealth
   252 | D        | Killed a queen bee
   252 | D        | Acquired Kikubaaqudgha's second power
   252 | D        | Reached skill level 16 in Stealth
   252 | D        | Reached XP level 7. HP: 28/32 MP: 11/21
   264 | D        | Killed a killer bee
   267 | D        | Killed a killer bee
   267 | D        | Reached skill level 17 in Stealth
   486 | D        | Noticed an oklob plant
   489 | D        | Killed an oklob plant
   489 | D        | Reached skill level 10 in Short Blades
   489 | D        | Reached skill level 18 in Stealth
   489 | D        | Reached XP level 8. HP: 36/36 MP: 22/22
   503 | D        | Noticed a burning bush
   506 | D        | Killed a burning bush
   506 | D        | Reached skill level 19 in Stealth
   515 | D        | Noticed an oklob sapling
   515 | D        | Noticed a burning bush
   515 | D        | Noticed an oklob plant
   516 | D        | Noticed a wandering mushroom
   517 | D        | Killed a burning bush
   517 | D        | Reached skill level 20 in Stealth
   564 | D        | Bought a faintly glowing tin ring for 115 gold pieces
   564 | D        | Bought a scroll labeled UMEGUT SALIL for 23 gold pieces
   564 | D        | Identified the ring "Umugaici" {Str+4 Int+5 Stlth+} (You bought it in a shop in the Dungeon)
   570 | D        | Noticed a scorpion
   570 | D        | Noticed a wandering mushroom
   573 | D        | Killed a wandering mushroom
   573 | D        | Reached skill level 21 in Stealth
   575 | D        | Killed a wandering mushroom
   575 | D        | Reached skill level 22 in Stealth
   577 | D        | Killed a scorpion
   577 | D        | Reached XP level 9. HP: 24/39 MP: 23/23
   581 | D        | Killed a burning bush
   581 | D        | Reached skill level 23 in Stealth
   755 | D        | Found Vouk Ina's Jewellery Emporium.
   755 | D        | Found Hoym's Gadget Shoppe.
   827 | D        | Killed an oklob plant
   827 | D        | Reached skill level 24 in Stealth
   834 | D        | Killed an oklob sapling
   838 | D        | Killed a wandering mushroom
   860 | D        | Noticed a spriggan druid
   861 | D        | Killed a spriggan druid
   861 | D        | Received a gift from Kikubaaqudgha
   861 | D        | Reached skill level 25 in Stealth
   864 | D        | Identified Kikubaaqudgha's Guide on Darkness (Kikubaaqudgha gifted it to you in the Dungeon)
  1003 | D        | Noticed an oklob plant conjurer
  1005 | D        | Killed an oklob plant conjurer
  1437 | D        | Noticed Agnes
  1440 | D        | Noticed an oklob plant
  1440 | D        | Noticed an oklob plant summoner
  1441 | D        | Noticed an oklob plant shifter
  1445 | D        | Killed an oklob plant
  1445 | D        | Reached skill level 26 in Stealth
  1445 | D        | Reached XP level 10. HP: 44/44 MP: 24/24
  1447 | D        | Killed an oklob plant summoner
  1452 | D        | Killed an oklob plant shifter
  1452 | D        | Reached skill level 27 in Stealth
  1452 | D        | Reached skill level 5 in Hexes
  1460 | D        | Learned a level 6 spell: Deflect Missiles
  1467 | D        | Learned a level 6 spell: Haste
  1516 | D        | Found Qavvu's Antique Weapon Emporium.
  1516 | D        | Noticed a spriggan berserker
  1520 | D        | Killed a spriggan berserker
  1526 | D        | Mangled by Agnes

Vault maps used:
D:        dungeon_sprint_fedhas

Action                   |  1- 3 |  4- 6 |  7- 9 | 10-12 || total
-------------------------+-------+-------+-------+-------++-------
Melee: Dagger            |     6 |    10 |    50 |     4 ||    70
 Cast: Ensorcelled Hiber |       |     6 |     3 |       ||     9
       Confuse           |       |     3 |     5 |     3 ||    11
       Corona            |       |     3 |     1 |       ||     4
  Use: Scroll            |     1 |       |     2 |       ||     3
       Potion            |       |     2 |       |       ||     2
 Stab: Sleeping          |     4 |     6 |    12 |     2 ||    24
       Confused          |       |     2 |     3 |     1 ||     6
